 Dungeon Crawl Stone Soup version 0.19.1-1-g22dce08 (webtiles) character file.

219 Peloso the Skirmisher (level 5, 19/48 HPs)
             Began as a Minotaur Abyssal Knight on Jan 13, 2017.
             Was a Follower of Lugonu.
             Quit the game on level 2 of the Dungeon.
             The game lasted 00:05:04 (1439 turns).

Peloso the Skirmisher (Minotaur Abyssal Knight)     Turns: 1439, Time: 00:05:05

Health: 19/48      AC:  7    Str: 16 (18) XL:     5   Next: 64%
Magic:  4/4        EV: 12    Int:  7 (9)  God:    Lugonu [*.....]
Gold:   128        SH:  0    Dex: 13 (16) Spells: 0 memorised, 4 levels left

rFire  . . .     SeeInvis .     a - +1 falchion
rCold  . . .     Gourm    .     b - +0 leather armour
rNeg   . . .     Faith    .     (no shield)
rPois  .         Spirit   +     (helmet restricted)
rElec  .         Reflect  .     (no cloak)
rCorr  .         Harm     .     d - +0 pair of gloves
MR     .....                    (no boots)
Stlth  +.........               f - amulet of guardian spirit
                                p - +3 ring of dexterity
                                k - +4 ring of dexterity

@: very slightly contaminated, hasted, very quick
A: retaliatory headbutt, horns 2, icy blue scales 1, yellow scales 1, deformed
body, low mp 2
a: Depart the Abyss, Renounce Religion


You were on level 2 of the Dungeon.
You worshipped Lugonu.
Lugonu was aware of your devotion.
You were not hungry.

You visited 1 branch of the dungeon, and saw 2 of its levels.
You visited the Abyss 1 time.

You collected 128 gold pieces.

Inventory:

Hand Weapons
 a - a +1 falchion (weapon)
Armour
 b - a +0 leather armour (worn)
 d - a +0 pair of gloves (worn)
Jewellery
 f - an amulet of guardian spirit (around neck)
 k - a +4 ring of dexterity (left hand)
 p - a +3 ring of dexterity (right hand)
Scrolls
 j - a scroll of amnesia {unknown}
 m - a scroll of random uselessness {unknown}
 o - a scroll of noise {unknown}
 q - a scroll of teleportation {unknown}
 t - 2 scrolls of remove curse {unknown}
 v - a scroll of magic mapping {unknown}
Potions
 h - a potion of flight
 l - a potion of degeneration
Comestibles
 c - 3 bread rations
 g - 3 meat rations
 r - a beef jerky
 s - a slice of pizza
 u - 2 chunks of flesh


   Skills:
 + Level 5.4 Fighting
 + Level 4.1 Long Blades
 + Level 3.4 Armour
 + Level 2.3 Dodging
 + Level 0.5 Stealth
 + Level 2.4 Invocations


You had 4 spell levels left.
You didn't know any spells.

Dungeon Overview and Level Annotations

Branches:
Dungeon (2/15)

Altars:
Cheibriados
Okawaru


Innate Abilities, Weirdness & Mutations

You reflexively headbutt those who attack you in melee.
You have a pair of horns on your head.
You are partially covered in icy blue scales. (AC +2)
You are partially covered in yellow scales. (AC +2)
Armour fits poorly on your strangely shaped body.
Your magical capacity is very low. (-20% MP)


Message History

a scythe; a robe; the human skeleton of Sigmund
As you read the scroll of identify, it crumbles to dust.
i - 2 potions of mutation You feel extremely strange.
You feel less energetic.
Yellow scales grow over part of your body.
Icy blue scales grow over part of your body.
You start resting.
Eating one of 3 chunks of flesh.
You start eating one of the 3 chunks of flesh.
This raw flesh tastes terrible.
Magic restored.
It was a potion of degeneration.
There was something very wrong with that liquid.
You feel weakened.
You feel dopey.
You feel clumsy.
It was a potion of haste.
You feel yourself speed up.
You are very lightly contaminated with residual magic.
You feel extremely strange.
You feel less energetic.
Your body twists and deforms.
You can't go down here!
Are you sure you want to abandon this character and quit the game? (Confirm with "yes".)

########.######
#........#.....
#.########.####
#.# #... #.# #.##
###.# #.#.#
##...## #.#.#
#.....# #.#.##
#@...)# #.#...
######### #.#.##
##.#.#.# #.#..#
##≈≈≈≈≈≈### #....#
#_.....(((# #.....
##≈≈≈≈≈(#(###....#
#.#.#.##((.......
########.....##.#
#.#####.#.####.#


There were no monsters in sight!

Vanquished Creatures
  Sigmund (D:2)
  2 adders (D:2)
  An ooze (D:2)
  A dart slug (D:2)
  3 bats (D:1)
  2 giant cockroaches (D:1)
  4 goblins
  4 hobgoblins
  4 jackals (D:1)
  3 frilled lizards (D:1)
  9 kobolds
  7 rats
41 creatures vanquished.

Notes
Turn   | Place    | Note
-------+----------+-------------------------------------------
     0 | Abyss:1  | Peloso the Minotaur Abyssal Knight began the quest for the Orb.
     0 | Abyss:1  | Reached XP level 1. HP: 19/19 MP: 1/1
    95 | Abyss:1  | Noticed a large abomination
    96 | D:1      | Escaped the Abyss
   226 | D:1      | Found a snail-covered altar of Cheibriados.
   291 | D:1      | Reached * piety under Lugonu
   303 | D:1      | Reached XP level 2. HP: 17/27 MP: 2/2
   397 | D:1      | Reached skill level 4 in Fighting
   842 | D:2      | Reached XP level 3. HP: 33/33 MP: 3/3
  1263 | D:2      | Found an iron altar of Okawaru.
  1373 | D:2      | Noticed Sigmund
  1387 | D:2      | Killed Sigmund
  1387 | D:2      | Reached skill level 5 in Fighting
  1387 | D:2      | Reached XP level 4. HP: 10/42 MP: 0/4
  1387 | D:2      | Reached XP level 5. HP: 11/48 MP: 0/5
  1395 | D:2      | Gained mutation: Your magical capacity is low. (-10% MP) [potion of mutation]
  1395 | D:2      | Gained mutation: You are partially covered in yellow scales. (AC +2) [potion of mutation]
  1395 | D:2      | Gained mutation: You are partially covered in icy blue scales. (AC +2) [potion of mutation]
  1436 | D:2      | Gained mutation: Your magical capacity is very low. (-20% MP) [potion of mutation]
  1436 | D:2      | Gained mutation: Armour fits poorly on your strangely shaped body. [potion of mutation]
  1439 | D:2      | Quit the game

Skill      XL: |  1  2  3 |
---------------+----------+-----
Invocations    | 2 |  2.4
Fighting       | 4 5 |  5.4
Long Blades    | 3 4 |  4.1
Armour         | 3 |  3.4
Dodging        | 2 |  2.3
Stealth        | |  0.5

Action                   |  1- 3 |  4- 6 || total
-------------------------+-------+-------++-------
Melee: Falchion          |    80 |       ||    80
       Headbutt          |    13 |       ||    13
Invok: Depart the Abyss  |     1 |       ||     1
  Use: Scroll            |     2 |     1 ||     3
       Potion            |       |     4 ||     4
  Eat: Chunk             |     1 |     1 ||     2
Armor: Leather armour    |    26 |       ||    26
Dodge: Dodged            |    55 |       ||    55
       Rpst.: Falchion   |     8 |       ||     8
